AoeStats
← CLİNT EASTWOOD SS

Golden Pit

507124134Analyzed
1v1 RM · 16d ago on Sep 16, 2026· 31m 20s· 2 players
Game mode
Random Map
Map size
Tiny (2 player)
Population
200
Speed
Normal
Resources
Standard
Victory
Conquest
Starting age
Dark Age
Ending age
Imperial Age
RankedLock teamsTeams togetherTeam positionsShared explorationLock speedFull tech treeHidden civsTurbo modeCheats
Victory
Defeat
🇨🇱 Vietnamese · Chile
690
+15
🇹🇷 Berbers · Türkiye
676
-15
CLİNT EASTWOOD SS
10:36 Feudal Age
16:15 Double-Bit Axe
16:20 Horse Collar
23:08 Castle Age
22:07 Gold Mining
22:09 Stone Mining
22:30 Padded Archer Armor
22:21 Fletching
22:41 Forging
28:36 Scale Barding Armor
28:38 Scale Mail Armor
Bartoz
5:16 Loom
13:36 Feudal Age
14:30 Double-Bit Axe
14:27 Horse Collar
16:12 Wheelbarrow
15:52 Town Watch
17:19 Arson
16:56 Man-at-Arms
18:08 Gold Mining
19:15 Fletching
19:38 Forging
19:29 Padded Archer Armor
24:58 Castle Age
26:04 Bow Saw
25:57 Heavy Plow
26:16 Hand Cart
26:33 Town Patrol
26:49 Elite Skirmisher
27:48 Leather Archer Armor
27:41 Bodkin Arrow
28:31 Iron Casting
Connection lost

Rejoining the realm…

Still unreachable

The connection could not be restored.

Session expired

The server has moved on; the page needs a fresh start.